 Dungeon Sprint DCSS version 0.29-a0-838-g385bb11a5b (webtiles) character file.

Game seed: 12463852164919387761

3588 purpskrrrp the Imperceptible (level 9, -2/42 HPs)
             Began as a Spriggan Enchanter on July 13, 2022.
             Was a Believer of Jiyva.
             Slain by a demonic crawler (10 damage)
             ... in the Dungeon (Sprint I: "Red Sonja").
             The game lasted 00:14:15 (767 turns).

purpskrrrp the Imperceptible (Spriggan Enchanter)    Turns: 767, Time: 00:14:17

Health: -2/42      AC:  4    Str:  4    XL:     9   Next: 85%
Magic:  23/23      EV: 24    Int: 16    God:    Jiyva [**....]
Gold:   487        SH:  0    Dex: 20    Spells: 27/27 levels left

rFire   . . .      SeeInvis +   h - +1 dagger (drain)
rCold   + . .      Faith    .   (no shield)
rNeg    . . .      Spirit   .   e - +2 robe {rC+}
rPois   .          Reflect  .   (helmet restricted)
rElec   .          Harm     .   j - scarf {repulsion}
rCorr   +          Rampage  .   (gloves unavailable)
Will    +....      NoTele   +   (boots unavailable)
Stlth   ++++++++..              (no amulet)
HPRegen 1.10/turn               (no ring)
MPRegen 0.48/turn               (no ring)

@: repel missiles, very quick
A: very small, no large weapons, unfitting armour, see invisible, speed 3
a: Renounce Religion


You were in the Dungeon.
You worshipped Jiyva.
Jiyva was pleased with you.
You visited 1 branch You collected 725 gold pieces.
You spent 238 gold pieces at shops.

Inventory:

Hand Weapons
 a - a +1 dagger
 h - a +1 dagger of draining (weapon)
Armour
 b - a +0 robe
 e - a +2 robe of cold resistance (worn)
 j - a scarf of repulsion (worn)
Jewellery
 m - an amulet of faith
Wands
 f - a wand of mindburst (8) (quivered)
Scrolls
 k - a scroll of identify {unknown}
Potions
 c - a potion of invisibility
 d - 2 potions of curing
 g - 3 potions of magic
 l - a potion of might {unknown}


   Skills:
 + Level 2.2 Fighting
 * Level 8.1 Short Blades
 + Level 9.2 Dodging
 * Level 22.0 Stealth
 + Level 9.8 Spellcasting
 + Level 14.2 Hexes
 + Level 5.0 Evocations


You had 27 spell levels left.
You didn't know any spells.
Your spell library contained the following spells:

 Spells                   Type           Power      Damage    Failure   Level
 Ensorcelled Hibernation  Hex/Ice        60%        N/A       1%          2
 Confusing Touch          Hex            52%        N/A       1%          3
 Dazzling Flash           Conj/Hex       60%        N/A       1%          3
 Tukima's Dance           Hex            52%        N/A       1%          3


Dungeon Overview and Level Annotations

Branches:
Dungeon (1/1)

Altars:
Cheibriados
Dithmenos
Elyvilon
Fedhas
Gozag
Hepliaklqana
Kikubaaqudgha
Makhleb
Nemelex Xobeh
Okawaru
Qazlal
Ru
Sif Muna
Trog
Uskayaw
Vehumet
Wu Jian
Xom
Yredelemnul
Zin
The Shining One
Jiyva
Lugonu

Shops:
D ?(![*![


Innate Abilities, Weirdness & Mutations

You are very small and have problems with some larger weapons.
You are too small for most types of armour.
You have supernaturally acute eyesight. (SInv)
You cover ground extremely quickly. (Speed+++)


Message History

You barely miss the redback.
The redback is almost dead.
The redback closely misses you.
You hit the redback.
You kill the redback!
Your Stealth skill increases to level 22!
There is an open door here.
You catch the helpless demonic crawler completely off-guard!
You spit the demonic crawler like a pig!!!
The demonic crawler is almost dead.
The demonic crawler completely misses you.
The demonic crawler hits you but does no damage.
The demonic crawler hits you.
You hit the demonic crawler.
The demonic crawler is almost dead.
The demonic crawler closely misses you.
The demonic crawler completely misses you.
The demonic crawler hits you!
You hit the demonic crawler but do no damage.
The demonic crawler is almost dead.
You hit the demonic crawler.
The demonic crawler is almost dead.
The demonic crawler shrieks in warning!
You hear a hideous shriek!
You hit the demonic crawler but do no damage.
The demonic crawler is almost dead.
The demonic crawler completely misses you.
The demonic crawler hits you. The demonic crawler barely misses you.
You hit the demonic crawler.
You punch the demonic crawler, but do no damage.
The demonic crawler is almost dead.
The demonic crawler misses you. The demonic crawler hits you.
The demonic crawler completely misses you.
You completely miss the demonic crawler.
The demonic crawler is almost dead.
The demonic crawler hits you!
* * * LOW HITPOINT WARNING * * *
The demonic crawler hits you but does no damage.
The demonic crawler hits you!
You die...

#############################
#<.#..'..#..'..#__#..9...#..#
#..').#.))..#..'...s.#.§§##'#
#..#####'#####'#__####)§s§9§#
#..####..#...#.####§§#####§k§
#..#__####..##.#≈§§..#..##°##
#..#_____##'#_.§§≈§..)..#..°,
#⌠⌠#_.∩...'..s_#≈§§§.#..#...°
####_..__##_@#'##§#####'###○.
*,,#_____###'#.#§...###,'.*..
############.####'###.##*.#○.
#∩............'.....'.∩#*,#,,
###...J####...##########*,**'
#....J..####.###,,,,,,,**,**,
#.......G#.#.#.#,,,,,,,,+,***
#..#.....#.....#,,,******,*,,
#........#.....#,,,,,,,,*,***


You could see a demonic crawler (catching breath).

Vanquished Creatures
  A centaur warrior (D)
  Sonja (D)
  A deep troll (D)
  2 kobold demonologists (D)
  A hornet (D)
  A slime creature (D)
  Sigmund (D)
  A yak (D)
  A redback (D)
  An ogre (D)
  Ijyb (D)
12 creatures vanquished.

Vanquished Creatures (others)
  A centaur warrior (D)
  5 shining eyes (D)
  A demonic crawler (D)
  2 unseen horrors (D)
  6 floating eyes (D)
  7 necrophages (D)
  20 jellies (D)
  2 ballistomycete spores (D)
44 creatures vanquished.

Grand Total: 56 creatures vanquished

Notes
Turn   | Place    | Note
-------+----------+-------------------------------------------
     0 | D        | purpskrrrp the Spriggan Enchanter began the quest for the
                  | Orb.
     0 | D        | Reached XP level 1. HP: 9/9 MP: 5/5
     4 | D        | Noticed Ijyb
     8 | D        | Killed Ijyb
     9 | D        | Reached skill level 6 in Stealth
     9 | D        | Reached skill level 5 in Hexes
     9 | D        | Reached XP level 2. HP: 13/13 MP: 5/7
    35 | D        | Noticed an ogre
    38 | D        | Killed an ogre
    39 | D        | Reached skill level 9 in Stealth
    39 | D        | Reached XP level 3. HP: 16/16 MP: 8/10
    39 | D        | Reached XP level 4. HP: 21/21 MP: 8/11
    66 | D        | Noticed Sigmund
    92 | D        | Killed Sigmund
    93 | D        | Reached skill level 5 in Dodging
    93 | D        | Reached skill level 11 in Stealth
    93 | D        | Reached skill level 1 in Evocations
    93 | D        | Reached XP level 5. HP: 11/24 MP: 11/14
   279 | D        | Found a burning altar of Makhleb.
   279 | D        | Found a viscous altar of Jiyva.
   279 | D        | Found a shimmering altar of Xom.
   279 | D        | Found a corrupted altar of Lugonu.
   279 | D        | Noticed a slime creature
   282 | D        | Killed a slime creature
   283 | D        | Reached skill level 13 in Stealth
   283 | D        | Reached skill level 10 in Hexes
   283 | D        | Reached XP level 6. HP: 29/29 MP: 15/17
   284 | D        | Became a worshipper of Jiyva Jobusok the Shapeless
   288 | D        | Found an ornate altar of the Wu Jian Council.
   288 | D        | Found a shimmering blue altar of Sif Muna.
   290 | D        | Found a radiant altar of Vehumet.
   327 | D        | Noticed Sonja
   329 | D        | Killed an unseen horror
   331 | D        | Killed Sonja
   332 | D        | Reached skill level 15 in Stealth
   332 | D        | Reached XP level 7. HP: 32/32 MP: 18/20
   339 | D        | Killed an unseen horror
   351 | D        | Found Ketad's Antique Armour Emporium.
   351 | D        | Found an ancient bone altar of Kikubaaqudgha.
   351 | D        | Found a hazy altar of Hepliaklqana.
   351 | D        | Found a stormy altar of Qazlal.
   351 | D        | Found a hide-covered altar of Uskayaw.
   351 | D        | Found a blossoming altar of Fedhas.
   351 | D        | Found a bloodstained altar of Trog.
   351 | D        | Found an iron altar of Okawaru.
   351 | D        | Found a basalt altar of Yredelemnul.
   351 | D        | Found a glowing golden altar of the Shining One.
   351 | D        | Found a snail-covered altar of Cheibriados.
   351 | D        | Found a sacrificial altar of Ru.
   351 | D        | Found a glowing silver altar of Zin.
   351 | D        | Found a shadowy altar of Dithmenos.
   351 | D        | Found a white marble altar of Elyvilon.
   351 | D        | Noticed a yak
   352 | D        | Found an opulent altar of Gozag.
   353 | D        | Killed a yak
   354 | D        | Reached skill level 1 in Fighting
   354 | D        | Reached skill level 5 in Short Blades
   354 | D        | Reached skill level 16 in Stealth
   354 | D        | Reached XP level 8. HP: 37/37 MP: 21/21
   354 | D        | Found a sparkling altar of Nemelex Xobeh.
   364 | D        | Noticed a shining eye
   364 | D        | Noticed a shining eye
   364 | D        | Noticed a shining eye
   415 | D        | Noticed a shining eye
   438 | D        | Reached * piety under Jiyva
   438 | D        | Noticed a deep troll
   441 | D        | Found Ijurev's Armour Emporium.
   443 | D        | Killed a deep troll
   444 | D        | Reached skill level 17 in Stealth
   450 | D        | Bought a scarf of repulsion for 156 gold pieces
   459 | D        | Noticed a centaur warrior
   468 | D        | Killed a centaur warrior
   469 | D        | Reached skill level 19 in Stealth
   469 | D        | Reached XP level 9. HP: 32/41 MP: 23/23
   501 | D        | Noticed a shining eye
   513 | D        | Noticed a kobold demonologist
   517 | D        | Noticed a kobold demonologist
   517 | D        | Noticed a demonic crawler
   517 | D        | Noticed a demonic crawler
   517 | D        | Noticed a demonic crawler
   517 | D        | Noticed a demonic crawler
   519 | D        | Killed a kobold demonologist
   520 | D        | Reached skill level 20 in Stealth
   537 | D        | Noticed a centaur warrior
   557 | D        | Found Guuj's Magic Scroll Boutique.
   558 | D        | Noticed a shining eye
   558 | D        | Noticed a shining eye
   560 | D        | Noticed a shining eye
   564 | D        | Found Zezij's Distillery.
   564 | D        | Found Dugyoluh's Distillery.
   566 | D        | Found Gulyadec's Antique Weapon Shoppe.
   567 | D        | Reached ** piety under Jiyva
   568 | D        | Found Wionwod's General Store.
   580 | D        | Killed a shining eye
   588 | D        | Killed a shining eye
   589 | D        | Killed a shining eye
   603 | D        | Killed a demonic crawler
   611 | D        | Killed a shining eye
   614 | D        | Killed a centaur warrior
   615 | D        | Reached skill level 21 in Stealth
   634 | D        | Bought a scroll of magic mapping for 82 gold pieces
   658 | D        | Killed a kobold demonologist
   659 | D        | Reached skill level 5 in Evocations
   695 | D        | Noticed a gargoyle
   697 | D        | Noticed a lindwurm
   734 | D        | Killed a shining eye
   743 | D        | Reached skill level 22 in Stealth
   767 | D        | Slain by a demonic crawler

Illustrated notes

Levels and vault maps discovered:
D:        dungeon_sprint_1 [red_sonja_temple_1, red_sonja_temple_small_1]

Skill      XL: |  1  2  3  4  5  6  7  8  9 |
---------------+----------------------------+-----
Dodging        | 3 4 5 6 7 8 9 |  9.2
Stealth        | 6 9 11 13 15 16 19 22 | 22.0
Spellcasting   | 3 4 6 7 8 9 |  9.8
Hexes          | 5 7 9 10 12 13 14 | 14.2
Short Blades   | 2 3 4 5 6 8 |  8.1
Evocations     | 1 2 3 4 5 |  5.0
Fighting       | 1 2 |  2.2

Action                   |  1- 3 |  4- 6 |  7- 9 || total
-------------------------+-------+-------+-------++-------
Melee: Dagger            |     4 |    15 |    34 ||    53
       Punch             |       |       |     1 ||     1
Evoke: Wand              |       |     4 |     8 ||    12
  Use: Potion            |     3 |     1 |       ||     4
       Scroll            |       |       |     2 ||     2
 Stab: Invisible         |     1 |       |       ||     1
       Sleeping          |     1 |     2 |     4 ||     7
       Distracted        |       |       |     2 ||     2
Armor: Robe              |       |       |     8 ||     8
Dodge: Dodged            |       |     9 |    64 ||    73

Table legend: (Time is in decaauts)
 A = Elapsed time spent in this place.
 B = Non-inter-level travel time spent in this place.
 C = Inter-level travel time spent in this place.
 D = Time resting spent in this place.
 E = Time spent auto-exploring this place.
 F = Levels seen in this place.
 G = Mean time per level.
                   A        B        C        D        E       F      G
               +--------+--------+--------+--------+--------+-----+--------+
         Total |    606 |    558 |     48 |    183 |     25 |   1 |  606.0 |
       Dungeon |    606 |    558 |     48 |    183 |     25 |   1 |  606.0 |
               +--------+--------+--------+--------+--------+-----+--------+

Top non-repeatable levels by time:
       D: 606 daAuts
